 Dungeon Crawl Stone Soup version 0.30.1-3-gfc49f6343a (webtiles) character file.

Game seed: 18390726726392560085

691 cheesebisquit the Ruffian (level 7, -2/70 HPs)
             Began as a Troll Fighter on July 20, 2023.
             Slain by a water moccasin (3 damage)
             ... on level 5 of the Dungeon.
             The game lasted 00:10:29 (3039 turns).

cheesebisquit the Ruffian (Troll Fighter)           Turns: 3039, Time: 00:10:30

Health: -2/70      AC:  4    Str: 25    XL:     7   Next: 36%
Magic:  6/6        EV: 14    Int:  6    God:
Gold:   277        SH:  8    Dex:  9    Spells: 6/6 levels left

rFire   + .          .
                       - Unarmed
rCold   + . .        b - +0 kite shield
rNeg    . . .        a - +0 robe
rPois   +            (helmet restricted)
rElec   +            (no cloak)
rCorr   +            (gloves unavailable)
SInv    .            (boots unavailable)
Will    .....        (no amulet)
Stlth   +            i - +5 ring of evasion
HPRegen 1.11/turn    (no ring)
MPRegen 0.10/turn

%: no passive effects
@: lethally poisoned (-2 -> -3), resistant, attractive
A: large, unfitting armour, claws 3, regeneration 1, shaggy fur 1, tough skin 1
a: no special abilities


You were on level 5 of the Dungeon.
You visited 1 branch of the dungeon, and saw 5 of its levels.

You collected 277 gold pieces.

Inventory:

Armour
 a - a +0 robe (worn)
 b - a +0 kite shield (worn)
Jewellery
 i - a +5 ring of evasion (left claw)
 s - an amulet of regeneration
Scrolls
 e - a scroll of butterflies {unknown}
 h - 2 scrolls of poison
 j - a scroll of amnesia {unknown}
 m - 3 scrolls of teleportation
 n - 2 scrolls of blinking {unknown}
 p - a scroll of fear
 q - a scroll of immolation {unknown}
 r - a scroll of acquirement {unknown}
Potions
 c - a potion of attraction
 d - 2 potions of mutation {unknown}
 f - 3 potions of resistance
 g - 2 potions of haste {unknown}
 k - a potion of brilliance {unknown}
 l - a potion of curing {unknown}
 o - 2 potions of lignification {unknown}
 t - a potion of flight {unknown}


   Skills:
 + Level 4.1 Fighting
 - Level 2.4 Dodging
 + Level 4.5 Shields
 * Level 6.0 Unarmed Combat


You had 6 spell levels left.
You didn't know any spells.
Your spell library contained the following spells:

 Spells                   Type           Power      Damage    Failure   Level
 Olgreb's Toxic Radiance  Pois           0%         N/A       100%        4
 Discord                  Hex            0%         N/A       100%        8
 Ignition                 Fire           0%         3d3       100%        8


Dungeon Overview and Level Annotations

Branches:
Dungeon (5/15)
 Temple: D:4-7

Altars:
Trog

Annotations:
D:3 2 transporters, 1 runed translucent door, Crazy Yiuf; bahustanut's ghost, amateur OgFi


Innate Abilities, Weirdness & Mutations

You are too large for most types of armour.
You have claws for hands.
Your natural rate of healing is unusually fast.
You are covered in fur. (AC +1)
You have tough skin. (AC +1)


Message History

The jelly barely misses you.
You scratch the jelly.
You kill the jelly!
You throw a poisoned dart.
The poisoned dart closely misses the water moccasin.
You claw the water moccasin!
The water moccasin is moderately wounded.
The water moccasin bites you.
You are poisoned.
The water moccasin poisons you! You block the water moccasin's attack.
You miss the water moccasin.
The water moccasin is moderately wounded.
You feel very sick.
The water moccasin bites you but does no damage.
You closely miss the water moccasin.
The water moccasin is moderately wounded.
You feel sick. You block the water moccasin's attack.
The water moccasin bites you.
You are more poisoned.
The water moccasin poisons you!
You completely miss the water moccasin.
The water moccasin is moderately wounded.
You feel very sick.
The water moccasin bites you but does no damage.
You barely miss the water moccasin.
The water moccasin is moderately wounded.
You feel very sick. The water moccasin bites you!
* * * LOW HITPOINT WARNING * * *
The water moccasin barely misses you.
It was a potion of resistance.
You feel protected.
You feel sick. The water moccasin bites you.
* * * LOW HITPOINT WARNING * * *
It was a potion of attraction.
You feel attractive to monsters.
You feel sick. The water moccasin bites you!
* * * LOW HITPOINT WARNING * * *
The water moccasin bites you.
You die...

#+##########
...........#.... .......
..........##...# .......
......<...##...##.......
..........#.............
..........#.............
..........#............(
..........#.....)./..((.
................@S(....(
##################......
..... .... ... .. .


You could see a water moccasin.

Vanquished Creatures
  3 ice beasts
  A scorpion (D:4)
  2 jellies
  3 iguanas (D:4)
  Natasha (thrice) (D:3)
  Robin (D:3)
  3 adders
  3 worms
  3 dart slugs
  6 orcs
  12 endoplasms
  3 giant cockroaches (D:2)
  15 goblins
  4 hobgoblins
  3 jackals (D:2)
  6 kobolds
  2 quokkas
  3 ball pythons
  5 bats
  5 frilled lizards
  5 rats
91 creatures vanquished.

Notes
Turn   | Place    | Note
-------+----------+-------------------------------------------
     0 | D:1      | cheesebisquit the Troll Fighter began the quest for the
                  | Orb.
     0 | D:1      | Reached XP level 1. HP: 22/22 MP: 0/0
   220 | D:1      | Reached XP level 2. HP: 29/29 MP: 1/1
   697 | D:1      | Found a faded altar of an unknown god.
   776 | D:2      | Reached XP level 3. HP: 35/36 MP: 2/2
   980 | D:2      | Reached skill level 3 in Unarmed Combat
  1198 | D:3      | Noticed Robin
  1247 | D:3      | Found a transporter.
  1250 | D:3      | Noticed bahustanut's ghost (amateur OgFi)
  1251 | D:3      | Noticed an ogre
  1334 | D:3      | Reached XP level 4. HP: 37/45 MP: 3/3
  1412 | D:3      | Found a runed translucent door.
  1413 | D:3      | Noticed Crazy Yiuf
  1526 | D:3      | Killed Robin
  1593 | D:3      | Noticed Natasha
  1601 | D:3      | Killed Natasha
  1602 | D:3      | Reached skill level 4 in Unarmed Combat
  1602 | D:3      | Reached XP level 5. HP: 53/53 MP: 4/4
  1639 | D:3      | Noticed Natasha
  1646 | D:3      | Killed Natasha
  1652 | D:3      | Noticed Natasha
  1658 | D:3      | Killed Natasha
  1736 | D:3      | Found a transporter.
  2143 | D:4      | Reached XP level 6. HP: 31/61 MP: 5/5
  2217 | D:4      | Found a bloodstained altar of Trog.
  2318 | D:4      | Noticed an ice beast
  2328 | D:4      | Killed an ice beast
  2329 | D:4      | Reached skill level 5 in Unarmed Combat
  2329 | D:4      | Noticed an ice beast
  2340 | D:4      | Killed an ice beast
  2604 | D:4      | Reached XP level 7. HP: 68/68 MP: 6/6
  2979 | D:5      | Entered Level 5 of the Dungeon
  3027 | D:5      | Reached skill level 6 in Unarmed Combat
  3039 | D:5      | HP: 1/70 [water moccasin (7)]
  3039 | D:5      | Slain by a water moccasin

Illustrated notes

Levels and vault maps discovered:
D:1:      minmay_arrival_four_houses, layout_rooms,
          dilly_ecumenical_altar_fadedgnrine, kennysheep_small_spiral,
          st_stairs_3, minmay_splitting_lines, minivault_14
D:2:      layout_rooms, skrybe_limestone_x
D:3:      minmay_recursive_quarters, layout_loops_ring, gammafunk_ghost_arena,
          uniq_robin, uniq_crazy_yiuf_cottage, uniq_natasha
D:4:      layout_loops_ring, lemuel_round_altar
D:5:      layout_gridville, makhleb_heckhound_becter,
          mainiacjoe_overflow_24_doors, uniq_edmund, uniq_ijyb

Skill      XL: |  1  2  3  4  5  6  7 |
---------------+----------------------+-----
Shields        | 3 4 |  4.5
Unarmed Combat | 3 4 5 6 |  6.0
Fighting       | 3 4 |  4.1
Dodging        | |  2.4

Action                     |  1- 3 |  4- 6 |  7- 9 || total
---------------------------+-------+-------+-------++-------
  Melee: Unarmed           |   110 |    89 |    43 ||   242
  Throw: Dart              |       |    24 |    13 ||    37
    Use: Potion            |       |     1 |     2 ||     3
         Scroll            |       |     3 |       ||     3
   Stab: Sleeping          |     1 |     1 |       ||     2
 Armour: Robe              |    26 |    10 |     7 ||    43
  Dodge: Dodged            |    46 |    29 |    22 ||    97
  Block: Kite shield       |    42 |    34 |    10 ||    86
